 Dungeon Crawl Stone Soup version 0.26.0-10-g1f06aea511 (webtiles) character file.

Game seed: 14221878256770865559

8351 MajorAdolf the Fighter (level 11, -2/110 HPs)
             Began as a Naga Wanderer on Jan 16, 2021.
             Was an Initiate of Gozag.
             Slain by a white ugly thing (28 damage)
             ... on level 11 of the Dungeon.
             The game lasted 00:27:52 (17434 turns).

MajorAdolf the Fighter (Naga Wanderer)             Turns: 17434, Time: 00:27:53

Health: -2/110     AC: 11    Str: 15    XL:     11   Next: 29%
Magic:  23/23      EV:  9    Int: 17    God:    Gozag
Gold:   717        SH:  5    Dex:  9    Spells: 26/26 levels left

rFire    . . .     SeeInvis +   j - +4 dagger (elec)
rCold    . . .     Faith    .   (no shield)
rNeg     . . .     Spirit   .   g - +3 ring mail {Will+}
rPois    +         Reflect  +   H - +1 hat
rElec    .         Harm     .   (no cloak)
rCorr    .         Rampage  .   y - +0 pair of gloves (curse)
Will     ++...     Rnd*Rage +   (no barding)
Stlth    +++.......             E - amulet of reflection
HPRegen  0.28/turn              (no ring)
MPRegen  0.18/turn              (no ring)

@: short of breath, very slow
A: large, see invisible, berserk 2, deformed body, poison resistance, slowness
2, spit poison 2, sturdy frame 1, AC +3
a: Breathe Poison Gas, Breathe Poison Gas, Renounce Religion, Potion Petition,
Call Merchant, Bribe Branch


You were on level 11 of the Dungeon.
You worshipped Gozag.
Gozag was pleased with you.
You visited 1 branch of the dungeon, and saw 11 of its levels.
You also visited: Sewer, Ossuary and Bailey.

You collected 2049 gold pieces.
You spent 444 gold pieces at shops.
You paid 888 gold pieces to Gozag.

Inventory:

Hand Weapons
 j - a +4 dagger of electrocution (weapon)
 o - a +0 short sword of electrocution
Armour
 g - a +3 ring mail of willpower (worn)
 y - a cursed +0 pair of gloves (worn)
 z - a +1 hat
 H - a +1 hat (worn)
Magical Staves
 d - an uncursed staff of fire
Jewellery
 c - an uncursed ring of protection from fire
 E - an amulet of reflection (around neck)
 I - an uncursed amulet of magic regeneration
Wands
 x - a wand of digging (2)
 D - a wand of disintegration (1)
Scrolls
 e - 3 scrolls of fog
 h - 8 scrolls of remove curse
 k - a scroll of teleportation
 t - a scroll of identify
 u - 2 scrolls of immolation
 v - a scroll of fear
 w - 3 scrolls of amnesia
 B - a scroll of acquirement {unknown}
 J - a scroll of vulnerability
Potions
 b - 6 potions of curing
 i - 6 potions of brilliance
 l - 5 potions of heal wounds
 m - a potion of resistance
 n - a potion of attraction
 p - 3 potions of haste
 q - 6 potions of flight
 A - a potion of degeneration
 C - a potion of ambrosia
 F - a potion of cancellation
Miscellaneous
 L - a phial of floods


   Skills:
 + Level 10.4 Fighting
 - Level 10.0 Short Blades
 - Level 1.5 Dodging
 + Level 7.4 Stealth
 - Level 1.0 Shields
 + Level 8.1 Spellcasting
 - Level 2.6 Poison Magic


You had 26 spell levels left.
You didn't know any spells.
Your spell library was empty.

Dungeon Overview and Level Annotations

Branches:
Dungeon (10/15)            Temple (0/1) D:7            Lair (0/6) D:9
  Sewer (visited)         Ossuary (visited)          Bailey (visited)
    Orc: D:9-12

Altars:
Dithmenos
Gozag
Hepliaklqana
Makhleb
Okawaru
Trog
Wu Jian
Xom
Zin
The Shining One

Shops:
D:4 *   D:6 [   D:8 }

Annotations:
D:5 2 transporters, Jaiteiro's ghost, novice GnFi
D:9 Erolcha


Innate Abilities, Weirdness & Mutations

You cannot wear boots.
Your serpentine skin is tough. (AC +3)
You have supernaturally acute eyesight. (SInv)
Armour fits poorly on your strangely shaped body.
Your system is resistant to poisons. (rPois)
You cover ground very slowly.
You can exhale a cloud of poison.
You often lose your temper in combat.
Your movements are slightly less encumbered by armour. (ER -2)


Message History

The white ugly thing is heavily wounded.
Unknown command.
You hit the white ugly thing.
The white ugly thing is heavily wounded.
The white ugly thing is engulfed in poison gas.
The white ugly thing looks as sick as possible!
The white ugly thing engulfs you. The white ugly thing freezes you!!
You closely miss the white ugly thing.
The white ugly thing is heavily wounded.
Unknown command.
You hit the white ugly thing.
The white ugly thing is severely wounded.
The white ugly thing engulfs you! The white ugly thing freezes you!!
* * * LOW HITPOINT WARNING * * *
Unknown command.
You feel much better. The white ugly thing engulfs you.
* * * LOW HITPOINT WARNING * * *
The white ugly thing freezes you!!
You die...
Your body crumbles into a pile of gold.

.........
........#
........#
........# #
........+
#.........#
........u.#
.... #@#
8....####.#
..........#
..........#
#.........#
.............
#...........⌠..
#..............
#^.............


You could see a white ugly thing (extremely poisoned).

Vanquished Creatures
  Erica (D:8)
  An orc knight (Bailey)
  A queen bee (D:8)
  A troll (D:9)
  Sigmund (D:3)
  4 wyverns (D:9)
  A basilisk (D:9)
  Menkaure (D:6)
  Edmund (D:6)
  2 water moccasins (D:9)
  13 orc warriors
  2 ice beasts (D:10)
  2 sky beasts
  3 black bears
  2 phantoms
  4 ogres
  4 centaurs
  A wolf (D:9)
  2 big kobolds
  Blork the orc (D:6)
  5 bullfrogs
  18 killer bees
  2 scorpions
  A howler monkey (D:7)
  2 orc priests
  2 bullfrog skeletons
  A gnoll shaman (D:6)
  5 hounds
  2 jellies
  4 orc wizards
  A centaur skeleton (D:8)
  2 iguanas
  6 worker ants
  4 big kobold zombies (Ossuary)
  A hound zombie (D:7)
  A hound skeleton (D:4)
  A mummy (Ossuary)
  A worker ant zombie (D:6)
  15 adders
  5 gnolls (D:6)
  7 river rats (Sewer)
  2 shadow imps
  3 ufetubi
  3 oozes
  An adder skeleton (D:7)
  An adder zombie (D:6)
  A worm (D:4)
  2 dart slugs
  8 leopard geckos
  35 orcs
  11 bats
  5 bat simulacra (Ossuary)
  5 giant cockroaches
  10 goblins
  8 hobgoblins
  10 jackals
  33 kobolds
  5 quokkas
  3 ball pythons (Sewer)
  3 frilled lizards
  8 gnoll zombies (Ossuary)
  7 goblin zombies (Ossuary)
  5 hobgoblin zombies (Ossuary)
  5 kobold simulacra (Ossuary)
  A kobold zombie (Ossuary)
  5 orc zombies (Ossuary)
  26 rats
  2 rat simulacra (Ossuary)
  3 spectral goblins (Ossuary)
  4 spectral kobolds (Ossuary)
  2 spectral rats (Ossuary)
351 creatures vanquished.

Vanquished Creatures (others)
  3 fungi (D:9)
  42 plants
45 creatures vanquished.

Grand Total: 396 creatures vanquished

Notes
Turn   | Place    | Note
-------+----------+-------------------------------------------
     0 | D:1      | MajorAdolf the Naga Wanderer began the quest for the Orb.
     0 | D:1      | MajorAdolf set off with the following items: a +0 short
                  | sword, a potion of curing, a +2 leather armour
     0 | D:1      | Reached XP level 1. HP: 15/15 MP: 2/2
   407 | D:1      | Reached XP level 2. HP: 19/22 MP: 3/3
  1152 | D:1      | Reached XP level 3. HP: 28/28 MP: 4/4
  1748 | D:2      | Reached skill level 1 in Fighting
  1988 | D:2      | Reached XP level 4. HP: 35/38 MP: 5/5
  2079 | D:2      | Found an iron altar of Okawaru.
  2873 | D:3      | Found an ornate altar of the Wu Jian Council.
  3028 | D:3      | Noticed Sigmund
  3040 | D:3      | Killed Sigmund
  3041 | D:3      | Reached skill level 5 in Short Blades
  3041 | D:3      | Reached XP level 5. HP: 23/49 MP: 6/6
  3041 | D:3      | Reached XP level 6. HP: 26/56 MP: 7/7
  3627 | D:3      | You fall into a shaft and drop 3 floors!
  3627 | D:6      | Noticed Menkaure
  3634 | D:6      | Found a bloodstained altar of Trog.
  3634 | D:6      | Noticed a sky beast
  3646 | D:5      | Entered Level 5 of the Dungeon
  3684 | D:5      | Killed a sky beast
  3814 | D:5      | Found a glowing drain.
  3819 | Sewer    | Entered a sewer
  3962 | Sewer    | Reached XP level 7. HP: 34/66 MP: 8/8
  5201 | D:5      | Found a hazy altar of Hepliaklqana.
  5224 | D:5      | Found a transporter.
  5225 | D:5      | Found a transporter.
  5226 | D:5      | Found an opulent altar of Gozag.
  5252 | D:5      | Became a worshipper of Gozag Ym Sagoz the Greedy
  5287 | D:5      | Identified the +3 buckler of Privacy {Int+6}
  5417 | D:5      | Found a shadowy altar of Dithmenos.
  5533 | D:5      | Reached skill level 5 in Fighting
  6109 | D:4      | Found Zin's Purification Station.
  6109 | D:4      | Found a glowing silver altar of Zin.
  6169 | D:4      | Reached XP level 8. HP: 61/75 MP: 9/9
  7405 | D:5      | Noticed Jaiteiro's ghost (novice GnFi)
  7718 | D:6      | Found Ameomu's Armour Shoppe.
  7721 | D:6      | Bought a +3 ring mail of willpower for 312 gold pieces
  8131 | D:6      | Noticed Blork the orc
  8146 | D:6      | Killed Blork the orc
  8296 | D:6      | Reached XP level 9. HP: 85/85 MP: 14/14
  8932 | D:6      | Killed Menkaure
  9179 | D:6      | Noticed Edmund
  9190 | D:6      | Killed Edmund
  9526 | D:6      | Bought a +1 hat for 132 gold pieces
  9680 | D:7      | Found a sand-covered staircase.
  9690 | Ossuary  | Entered an ossuary
 10586 | D:7      | Found a shadowy altar of Dithmenos.
 10624 | D:7      | Reached skill level 5 in Spellcasting
 11090 | D:7      | Reached XP level 10. HP: 43/98 MP: 18/18
 11524 | D:7      | Found a staircase to the Ecumenical Temple.
 11540 | D:7      | Found a glowing golden altar of the Shining One.
 11543 | D:7      | Found a shimmering altar of Xom.
 11782 | D:7      | Found a burning altar of Makhleb.
 12584 | D:8      | Noticed Erica
 12591 | D:8      | Killed Erica
 13037 | D:8      | Reached skill level 10 in Short Blades
 14151 | D:9      | Found a staircase to the Lair.
 14602 | D:9      | Reached skill level 5 in Stealth
 14679 | D:9      | Reached XP level 11. HP: 108/108 MP: 22/22
 14691 | D:9      | Reached skill level 10 in Fighting
 14696 | D:9      | Noticed Erolcha
 14705 | D:10     | Entered Level 10 of the Dungeon
 14747 | D:10     | Found a flagged portal.
 14754 | Bailey   | Entered a bailey
 15759 | Bailey   | Gained mutation: You can exhale a cloud of poison. [potion
                  | of mutation]
 15759 | Bailey   | Gained mutation: You tend to lose your temper in combat.
                  | [potion of mutation]
 15759 | Bailey   | Gained mutation: You often lose your temper in combat.
                  | [potion of mutation]
 15759 | Bailey   | Gained mutation: Your movements are slightly less
                  | encumbered by armour. (ER -2) [potion of mutation]
 16810 | Bailey   | Noticed an orc knight
 16959 | Bailey   | Killed an orc knight
 17264 | Bailey   | Got a pitted fustibalus
 17421 | D:10     | You fall into a shaft and drop 1 floor!
 17424 | D:11     | Noticed a white ugly thing
 17434 | D:11     | Slain by a white ugly thing

Illustrated notes

Levels and vault maps discovered:
D:1:      tarquinn_simple_flora_water_c, layout_loops_ring, serial_forest,
          infiniplex_forest_clump_double, infiniplex_forest_end_2,
          infiniplex_forest_join, infiniplex_forest_straight_2,
          infiniplex_forest_clump_curved
D:2:      layout_basic, okawaru_trees_2
D:3:      layout_loops_ring, nzn_wu_jian_council_hall, minivault_27,
          minmay_strange_pillars, uniq_sigmund
D:4:      layout_rooms, zin_purify
D:5:      cheibrodos_thug_alley, layout_basic, nzn_hepliaklqana_mist_gate,
          nicolae_gozag_seed_capital, gammafunk_ghost_gnarly_gnolls,
          gup_sewer_entry_spiral, serial_bayou_pond_a, lemuel_altar_in_water
D:6:      layout_basic, overflow_temple_1_default, serial_shops,
          kennysheep_mini, st_stairs_5, uniq_edmund, uniq_menkaure,
          uniq_blork_the_orc
D:7:      layout_loops_ring, grunt_dithmenos_smoke_and_mirrors,
          nicolae_overflow_hidden_temple, minmay_temple_entry_waves,
          enter_ossuary_1
D:8:      layout_loops_corners, nicolae_looking_at_the_future, uniq_erica
D:9:      layout_basic, minmay_lair_entry_grove, wad_floor_pattern_1,
          kennysheep_generic_room_16, uniq_erolcha
D:10:     layout_basic, enter_bailey_2, uniq_snorg
D:11:     minmay_the_grid_square_5x5_5x5 [minmay_the_grid_square_5x5_n,
          minmay_the_grid_square_5x5_tri_point,
          minmay_the_grid_square_5x5_spiral_small,
          minmay_the_grid_square_5x5_plus, minmay_the_grid_square_5x5_two,
          minmay_the_grid_square_5x5_three,
          minmay_the_grid_square_5x5_prize_gold,
          minmay_the_grid_square_5x5_checkered,
          minmay_the_grid_square_5x5_prize_deathbox,
          minmay_the_grid_square_5x5_empty,
          minmay_the_grid_square_5x5_trominoes, minmay_the_grid_square_5x5_bite,
          minmay_the_grid_square_5x5_prize_itemx,
          minmay_the_grid_square_5x5_bridge, minmay_the_grid_square_5x5_empty,
          minmay_the_grid_square_5x5_moneybag,
          minmay_the_grid_square_5x5_prize_monsterx,
          minmay_the_grid_square_5x5_mess,
          minmay_the_grid_square_5x5_prize_snowflake,
          minmay_the_grid_square_5x5_eight_small,
          minmay_the_grid_square_5x5_beaten_path,
          minmay_the_grid_square_5x5_slash,
          minmay_the_grid_square_5x5_sharp_hourglass,
          minmay_the_grid_square_5x5_minimal,
          minmay_the_grid_square_5x5_percent], layout_stronghold,
          serial_column_ruins, column_ruins_open_small, column_ruins_open_small,
          column_ruins_open_medium, column_ruins_open_small,
          column_ruins_grid_3, column_ruins_grid_1,
          column_ruins_corridor_dead_end, kennysheep_generic_room_10

Skill      XL: |  1  2  3  4  5  6  7  8  9 10 11 |
---------------+----------------------------------+-----
Short Blades   | 4 5 6 7 8 9 10 | 10.0
Fighting       | 1 3 4 5 6 8 9 10 | 10.4
Spellcasting   | 3 5 7 8 |  8.1
Stealth        | 5 7 |  7.4
Dodging        | |  1.5
Shields        | |  1.0
Poison Magic   | |  2.6

Action                   |  1- 3 |  4- 6 |  7- 9 | 10-12 || total
-------------------------+-------+-------+-------+-------++-------
Melee: Short sword       |     9 |       |       |       ||     9
       Dagger            |    73 |   178 |   730 |   280 ||  1261
 Fire: Arbalest          |       |       |       |    29 ||    29
Invok: Call Merchant     |       |       |       |     1 ||     1
 Abil: Spit Poison       |    18 |    11 |    10 |     7 ||    46
       Breathe Poison Ga |       |       |       |    13 ||    13
Evoke: Wand              |       |       |     1 |     7 ||     8
  Use: Scroll            |       |     9 |    10 |    12 ||    31
       Potion            |       |     1 |     1 |     4 ||     6
 Stab: Sleeping          |       |     3 |       |     1 ||     4
       Distracted        |       |     1 |     3 |       ||     4
Armor: Leather armour    |    25 |    80 |    97 |       ||   202
       Ring mail         |       |       |   125 |    87 ||   212
       Skin              |       |       |     2 |       ||     2
Dodge: Dodged            |    51 |    78 |   200 |    88 ||   417
Block: Other             |       |       |       |    56 ||    56
       Reflection        |       |       |       |    14 ||    14
